 Dungeon Crawl Stone Soup version 0.23-a0-296-ga3b1b28 (webtiles) character file.

512 iamserjio the Slasher (level 7, -1/49 HPs)
             Began as an Octopode Berserker on Oct 5, 2018.
             Was a Believer of Trog.
             Splashed by a jelly's acid (6 damage)
             ... on level 5 of the Dungeon.
             The game lasted 00:08:43 (1386 turns).

iamserjio the Slasher (Octopode Berserker)          Turns: 1386, Time: 00:08:44

Health: -1/49      AC: -7    Str: 16    XL:     7   Next: 19%
Magic:  2/2        EV: 15    Int: 10    God:    Trog [**....]
Gold:   117        SH:  0    Dex: 13    Spells: 6/6 levels left

rFire    . . .     SeeInvis .   q - +3 rapier of the Secret Cities {antimagic, MR+}
rCold    . . .     Gourm    .   (no shield)
rNeg     . . .     Faith    .   (helmet restricted)
rPois    .         Spirit   .   g - amulet of magic regeneration
rElec    .         Reflect  .   t - ring of stealth
rCorr    .         Harm     .   (no ring)
MR       +++..                  (no ring)
Stlth    +++++.....             (no ring)
HPRegen  1.16/turn              (no ring)
MPRegen  0.33/turn              (no ring)
                                (no ring)
                                (no ring)

@: corroded, regenerating
A: almost no armour, stealthy swim, amphibious, 8 rings, constrict 8, camouflage
1, gelatinous body 1
a: Berserk, Trog's Hand, Renounce Religion


You were on level 5 of the Dungeon.
You worshipped Trog.
Trog was pleased with you.
You were not hungry.

You visited 1 branch of the dungeon, and saw 5 of its levels.

You collected 117 gold pieces.

Inventory:

Hand Weapons
 a - a +0 falchion
 p - a +0 dagger of protection
 q - the +3 rapier of the Secret Cities (weapon) {antimagic, MR+}
   (You found it on level 4 of the Dungeon)

   It reduces the magical energy of the wielder, and disrupts the spells and
   magical abilities of those hit.
   Natural abilities and divine invocations are not affected.
   It affects your resistance to hostile enchantments.
Missiles
 l - 2 throwing nets (quivered) {!f}
Jewellery
 g - an amulet of magic regeneration (around mantle)
 t - a ring of stealth (left tentacle)
Scrolls
 f - a scroll of remove curse {@r2}
 i - a scroll of immolation {unknown}
 j - a scroll of enchant armour {unknown}
 k - 2 scrolls of random uselessness {unknown}
 n - a scroll of fear {unknown}
 o - a scroll of fog {unknown}
 r - a scroll of amnesia {unknown}
 u - a scroll of blinking {unknown}
 v - a scroll of magic mapping {unknown}
Potions
 c - 6 potions of agility
 d - 3 potions of flight
 e - a potion of lignification {unknown}
 h - a potion of invisibility {unknown}
 s - a potion of resistance {unknown}
Comestibles
 b - 6 rations
 m - a chunk of flesh


   Skills:
 + Level 4.4 Fighting
 * Level 5.5 Long Blades
 + Level 4.4 Dodging
 + Level 4.4 Stealth


You had 6 spell levels left.
You didn't know any spells.
Your spell library contained the following spells:

 Spells                   Type           Power        Failure   Level  Hunger
 Beastly Appendage        Tmut           #.....       36%         1    ##.....
 Magic Dart               Conj           #...         36%         1    ##.....
 Blink                    Tloc           N/A          50%         2    ###....
 Call Imp                 Summ           #.......     50%         2    ###....
 Slow                     Hex            #.......     50%         2    ###....
 Sticks to Snakes         Tmut           #.......     50%         2    ###....
 Conjure Flame            Conj/Fire      #.......     75%         3    ####...
 Mephitic Cloud           Conj/Pois/Air  #.......     75%         3    ####...
 Spider Form              Tmut/Pois      #.........   75%         3    ####...
 Ice Form                 Ice/Tmut       #.......     98%         4    #####..
 Blade Hands              Tmut           #.........   100%        5    ######.


Dungeon Overview and Level Annotations

Branches:
Dungeon (5/15)             Temple (0/1) D:4

Altars:


Innate Abilities, Weirdness & Mutations

You cannot wear most types of armour.
You are very stealthy in the water. (Stealth+)
You are amphibious.
You can wear up to eight rings at the same time.
You can use your tentacles to constrict eight enemies at once.
Your skin changes colour to match your surroundings (Stealth+).
Your rubbery body absorbs attacks. (AC +1, EV +1)


Message History

The howler monkey hits you.
* * * LOW HITPOINT WARNING * * *
Your skin crawls.
You feel resistant to hostile enchantments.
You feel somewhat more hungry.
The howler monkey hoots and howls with incredible vigour!
You hear a shout!
You hit the howler monkey. Your grab misses the howler monkey.
The howler monkey hits you.
* * * LOW HITPOINT WARNING * * *
You puncture the howler monkey!
You kill the howler monkey!
Trog accepts your kill.
You hit the jelly but do no damage.
Your tentacles burn!
* * * LOW HITPOINT WARNING * * *
You squeeze the jelly. The jelly hits you.
* * * LOW HITPOINT WARNING * * *
The acid corrodes you!
You are splashed with acid!
The acid burns!
You die...

### ..# #.# #.#
#.# #@#
#.#####J#########
#......>.......[.
#######..........
#.######### #.#
#.# ###.##
#....#####.#


You could see a jelly.

Vanquished Creatures
  Menkaure (D:4)
  Blork the orc (D:4)
  2 howler monkeys
  A hound (D:5)
  An orc wizard (D:3)
  A worker ant (D:4)
  4 gnolls (D:5)
  4 adders
  An adder skeleton (D:4)
  3 worms (D:4)
  3 dart slugs
  A leopard gecko (D:1)
  8 orcs
  A ball python (D:1)
  2 giant cockroaches
  5 goblins
  6 hobgoblins
  2 quokkas
  9 bats
  2 frilled lizards (D:1)
  A jackal skeleton (D:4)
  6 kobolds
  A quokka skeleton (D:4)
  9 rats
75 creatures vanquished.

Notes
Turn   | Place    | Note
-------+----------+-------------------------------------------
     0 | D:1      | iamserjio the Octopode Berserker began the quest for the
                  | Orb.
     0 | D:1      | Reached XP level 1. HP: 16/16 MP: 1/1
    39 | D:1      | Reached XP level 2. HP: 11/21 MP: 2/2
    40 | D:1      | Reached skill level 1 in Stealth
   383 | D:1      | Reached XP level 3. HP: 17/26 MP: 3/3
   424 | D:1      | Reached ** piety under Trog
   708 | D:3      | Reached XP level 4. HP: 12/31 MP: 4/4
   769 | D:3      | Reached skill level 4 in Long Blades
   835 | D:4      | Reached XP level 5. HP: 28/37 MP: 5/5
   849 | D:4      | Got a slimy rapier
   852 | D:4      | Identified the +3 rapier of the Secret Cities {antimagic,
                  | MR+} (You found it on level 4 of the Dungeon)
   863 | D:4      | Noticed Blork the orc
   873 | D:4      | Killed Blork the orc
   921 | D:4      | Reached XP level 6. HP: 21/43 MP: 2/6
  1135 | D:4      | Noticed Menkaure
  1139 | D:4      | Killed Menkaure
  1139 | D:4      | Reached skill level 5 in Long Blades
  1152 | D:4      | Found a staircase to the Ecumenical Temple.
  1219 | D:5      | Entered Level 5 of the Dungeon
  1283 | D:5      | Reached XP level 7. HP: 31/48 MP: 2/7
  1386 | D:5      | Splashed by a jelly's acid

Vault maps used:
D:1:      elethiomel_arrival_quiet
D:3:      minitemple, dk_noncrumbling_2, minmay_misc_feat_square
D:4:      minmay_temple_entry_nine_rooms, first_ration, serial_bayou_lagoon_a,
          uniq_blork_the_orc, uniq_menkaure
D:5:      uniq_grinder

Skill      XL: |  1  2  3  4  5  6 |
---------------+-------------------+-----
Stealth        | 1 2 3 4 |  4.4
Long Blades    | 4 5 |  5.5
Dodging        | 4 |  4.4
Fighting       | 4 |  4.4

Action                   |  1- 3 |  4- 6 |  7- 9 || total
-------------------------+-------+-------+-------++-------
Melee: Falchion          |    48 |     5 |       ||    53
       Constrict         |    17 |    20 |     4 ||    41
       Tentacles         |    12 |    17 |     4 ||    33
       Dagger            |       |    16 |       ||    16
       Rapier            |       |    48 |    18 ||    66
Invok: Trog's Hand       |     1 |     1 |     2 ||     4
  Use: Scroll            |       |     5 |       ||     5
 Stab: Sleeping          |     4 |     5 |     2 ||    11
  Eat: Chunk             |       |     2 |     1 ||     3
Armor: Skin              |     4 |     1 |       ||     5
Dodge: Dodged            |    35 |    33 |    12 ||    80
       Rpst.: Falchion   |    14 |     1 |       ||    15

Table legend:
 A = Non-vault XP
 B = Vault XP
 C = Vault XP percentage of total XP
 D = Non-vault monster count
 E = Vault monster count
 F = Vault count percentage of total count
                 A         B        C        D         E       F
            +---------+---------+-------+---------+---------+-------
      Total |     460 |     272 |  37.2 |      73 |       2 |   2.7
            +---------+---------+-------+---------+---------+-------
        D:1 |      41 |       0 |   0.0 |      27 |       0 |   0.0
        D:2 |       7 |       0 |   0.0 |       3 |       0 |   0.0
        D:3 |     100 |       0 |   0.0 |      20 |       0 |   0.0
        D:4 |     155 |     272 |  63.7 |      15 |       2 |  11.8
        D:5 |     157 |       0 |   0.0 |       8 |       0 |   0.0
            +---------+---------+-------+---------+---------+-------
